Canadiens vs Flyers

Created - February 20, 2015 at 18:46

Goals
1 2 3 T
Canadiens 1 1 4 6
Flyers 1 0 1 2
Shots
1 2 3 T
Canadiens 14 20 19 53
Flyers 8 8 5 21

1st period

1. Canadiens , Alexander Steen 32 (Paul Stastny, Jordan Eberle) at 11:26 (PP)
2. Flyers , Kyle Okposo 35 (Daniel Sedin, Dan Boyle) at 19:14

Penalties :
Olli Jokinen (PHI) for Roughing (Minor) at 1:55, Jordan Eberle (MTL) for Hooking (Minor) at 7:27, Mike Ribeiro (PHI) for High sticking (Minor) at 8:42, Olli Jokinen (PHI) for Roughing (Minor) at 10:56, Carlo Colaiacovo (PHI) for Hooking (Minor) at 16:11

2nd period

3. Canadiens , Radim Vrbata 13 (Matt Read, Dan Girardi) at 17:25

Penalties :
Tom Gilbert (PHI) for Tripping (Minor) at 0:09, Mark Fistric (PHI) for Holding (Minor) at 1:01, Mike Santorelli (PHI) for Roughing (Minor) at 3:07, Marek Zidlicky (PHI) for Slashing (Minor) at 10:44, Martin Erat (MTL) for Roughing (Minor) at 13:08, Alexander Killorn (MTL) for Roughing (Minor) at 18:52

3rd period

4. Flyers , Daniel Sedin 31 (Kyle Okposo, Carlo Colaiacovo) at 5:31
5. Canadiens , Alexander Steen 33 (Paul Stastny) at 5:51
6. Canadiens , Dan Girardi 17 (Dylan Olsen, Jordan Eberle) at 7:56 (PP)
7. Canadiens , Paul Stastny 26 (Jordan Eberle, Mike Weber) at 17:41
8. Canadiens , Alexander Killorn 6 (Jason Demers, Matt Read) at 17:51

Penalties :
Mike Ribeiro (PHI) for Tripping (Minor) at 3:06, Dan Boyle (PHI) for High sticking (Minor) at 6:32, Alexander Killorn (MTL) for Tripping (Minor) at 12:53

Goalie Stats

Al Montoya (MTL), 19 saves from 21 shots - (0.905), W, 12-7-3, 60:00 minutes
Frederik Andersen (PHI), 47 saves from 53 shots - (0.887), L, 17-19-2, 60:00 minutes

Players Stats for Canadiens

Player Name              G  A  P  +/- PIM S  H  SB GA TA FO     MP     PP MP  PK MP  
------------------------------------------------------------------------------------
Alexander Killorn        1  0  1   2  4   4  2  0  0  0  15/29  18:15   6:22   2:10 
Alexander Steen          2  0  2   2  0   8  4  0  0  0  1/1    22:24   9:33   0:40 
Brenden Morrow           0  0  0  -1  0   0  1  0  0  0  1/2     6:26   0:00   0:00 
Dan Girardi              1  1  2   0  0   6  1  3  0  0  0/0    25:17   8:52   3:15 
Dylan Olsen              0  1  1   1  0   6  5  3  0  0  0/0    24:14   8:26   3:48 
Jason Demers             0  1  1   1  0   5  0  0  0  0  0/0    23:09   7:29   3:30 
Jason Garrison           0  0  0   0  0   3  0  2  0  0  0/0    23:07   6:52   2:41 
Jordan Eberle            0  3  3   2  2   4  3  0  0  0  1/1    22:53   9:33   1:10 
Manny Malhotra           0  0  0  -1  0   0  0  0  0  0  2/4     6:16   0:00   0:00 
Martin Erat              0  0  0  -1  2   2  3  1  0  0  0/1     8:06   0:00   0:00 
Matt Read                0  2  2   2  0   2  0  0  0  0  3/5    21:19   6:22   5:22 
Mike Weber               0  1  1   1  0   0  6  0  0  0  0/0    12:30   0:11   1:10 
Paul Stastny             1  2  3   2  0   8  0  0  0  0  23/41  25:10   9:33   3:26 
Radim Vrbata             1  0  1   2  0   3  1  0  0  0  0/1    16:31   6:22   0:00 
Saku Koivu               0  0  0  -1  0   0  0  0  0  0  7/7    10:17   0:00   1:36 
Steve Oleksy             0  0  0   1  0   0  1  1  0  0  0/0    11:43   0:00   0:00 
Sven Baertschi           0  0  0  -1  0   1  1  0  0  0  0/2     8:07   0:00   0:00 
Tyler Kennedy            0  0  0  -1  0   1  0  0  0  0  1/2     6:16   0:00   0:00 

Players Stats for Flyers

Player Name              G  A  P  +/- PIM S  H  SB GA TA FO     MP     PP MP  PK MP  
------------------------------------------------------------------------------------
Brian Gibbons            0  0  0  -1  0   0  0  0  0  0  0/1     2:01   0:00   0:00 
Carlo Colaiacovo         0  1  1   1  2   1  0  0  0  0  0/0    10:47   0:00   0:49 
Damien Brunner           0  0  0  -1  0   0  0  0  0  0  2/2    11:27   0:00   0:00 
Dan Boyle                0  1  1  -2  2   1  1  1  0  0  0/0    26:43   4:20   5:25 
Daniel Sedin             1  1  2   0  0   2  1  2  0  0  2/13   24:31   4:56   6:01 
Dany Heatley             0  0  0   0  0   1  0  0  0  0  0/0     9:08   0:00   0:00 
Gabriel Bourque          0  0  0   0  0   0  0  0  0  0  0/3     9:08   0:00   0:00 
Joel Ward                0  0  0  -1  0   2  3  0  0  0  4/6    26:00   4:56   9:37 
Kyle Brodziak            0  0  0  -1  0   0  1  1  0  0  10/15  11:50   0:00   9:49 
Kyle Okposo              1  1  2   0  0   6  1  0  0  0  3/5    19:12   4:56   0:00 
Marek Zidlicky           0  0  0   0  2   0  0  3  0  0  0/0    23:46   2:52   8:06 
Mark Fistric             0  0  0  -1  2   1  3  2  0  0  0/0    19:04   4:08   5:43 
Mike Ribeiro             0  0  0  -1  4   2  0  0  0  0  6/18   13:41   2:15   0:00 
Mike Santorelli          0  0  0   0  2   1  1  0  0  0  11/23  20:45   2:16   4:14 
Nathan Gerbe             0  0  0  -1  0   0  0  0  0  0  0/0     3:04   0:00   1:02 
Olli Jokinen             0  0  0   0  4   3  2  1  0  0  4/10   11:22   2:16   0:00 
Philip Larsen            0  0  0   1  0   1  0  2  0  0  0/0    12:26   0:12   2:15 
Tom Gilbert              0  0  0  -3  2   0  3  3  0  0  0/0    27:09   2:52   9:31 

3 Stars

1 - Alexander Steen (MTL)
2 - Paul Stastny (MTL)
3 - Jordan Eberle (MTL)

Power Play

Canadiens - 2 on 10 Attempt(s) - 20.00%
Flyers - 0 on 4 Attempt(s) - 0.00%

Penalty Kill

Canadiens - 4 on 4 Attempt(s) - 100.00% - Score 0 goal in Penalty Kill
Flyers - 8 on 10 Attempt(s) - 80.00% - Score 0 goal in Penalty Kill

Team Stat

Canadiens - Hits : 28 - Faceoff Wins : 54 - Blocked Shots : 10 - Penalty Minutes : 8
Flyers - Hits : 16 - Faceoff Wins : 42 - Blocked Shots : 15 - Penalty Minutes : 20

Official

Referees : Brad Watson and Mike Hasenfratz
Linesman : Derek Amell and Mark Wheler

Game Notes

No Game Note

Finance

Level 1 -- Attendance: 6140 (94.46%) -- Ticket Income $614,000
Level 2 -- Attendance: 5000 (100.00%) -- Ticket Income $350,000
Level 3 -- Attendance: 3122 (89.20%) -- Ticket Income $124,880
Level 4 -- Attendance: 2874 (81.26%) -- Ticket Income $63,228
Luxury Box -- Attendance: 925 (92.50%) -- Ticket Income $185,000
Game was played at the Wells Fargo Center'
Total Attendance: 18061 (92.45%)
Total Ticket Income: $1,337,108
Other Income: $200,566
Total Income: $1,537,674

% Time on Ice - Canadiens

Lines # - Real PCT - Wanted PCT - Time Play
Normal Forward
1 - 34% - 35% - 12:11
2 - 27% - 30% - 9:35
3 - 22% - 20% - 8:07
4 - 17% - 15% - 6:16
Normal Defense
1 - 33% - 32% - 12:00
2 - 31% - 23% - 11:09
3 - 17% - 23% - 6:16
4 - 19% - 22% - 6:44
PP Forward
1 - 60% - 60% - 9:33
2 - 40% - 40% - 6:22
PP Defense
1 - 47% - 50% - 7:29
2 - 53% - 50% - 8:26
PK Forward
1 - 81% - 60% - 5:50
2 - 19% - 40% - 1:22
PK Defense
1 - 56% - 60% - 4:00
2 - 44% - 40% - 3:12
PK3 Forward
1 - 0% - 60%
2 - 0% - 40%
PK3 Defense
1 - 0% - 60%
2 - 0% - 40%
44 Forward
1 - 23% - 50% - 0:10
2 - 77% - 50% - 0:34
44 Defense
1 - 23% - 50% - 0:10
2 - 77% - 50% - 0:34
Last Minute Offensive  - 0:00
Last Minute Defensive  - 0:00
Total
Forward - 60:00
Defense - 60:00

% Time on Ice - Flyers

Lines # - Real PCT - Wanted PCT - Time Play
Normal Forward
1 - 37% - 40% - 13:33
2 - 32% - 35% - 11:27
3 - 25% - 20% - 9:08
4 - 6% - 5% - 2:01
Normal Defense
1 - 36% - 45% - 13:07
2 - 25% - 30% - 9:12
3 - 28% - 15% - 9:59
4 - 11% - 10% - 3:51
PP Forward
1 - 69% - 60% - 4:56
2 - 31% - 40% - 2:16
PP Defense
1 - 60% - 60% - 4:20
2 - 40% - 40% - 2:52
PK Forward
1 - 66% - 60% - 9:49
2 - 34% - 40% - 4:59
PK Defense
1 - 60% - 60% - 8:54
2 - 40% - 40% - 5:54
PK3 Forward
1 - 93% - 60% - 1:02
2 - 7% - 40% - 0:05
PK3 Defense
1 - 61% - 60% - 0:41
2 - 39% - 40% - 0:26
44 Forward
1 - 100% - 60% - 0:44
2 - 0% - 40% - 0:00
44 Defense
1 - 98% - 60% - 0:43
2 - 2% - 40% - 0:01
Last Minute Offensive  - 0:00
Last Minute Defensive  - 0:00
Total
Forward - 60:00
Defense - 60:00

Play by Play

1st period


0:01 of 1st period - Mike Santorelli wins face-off versus Paul Stastny in neutral zone.
0:01 of 1st period - Kyle Okposo is hit by Dylan Olsen and loses puck.
1:06 of 1st period - Mike Weber is hit by Mike Santorelli and loses puck.
1:13 of 1st period - Shot by Alexander Killorn.
1:13 of 1st period - Stopped by Frederik Andersen without a rebound.
1:14 of 1st period - Saku Koivu wins face-off versus Mike Ribeiro in Flyers zone.
1:14 of 1st period - Saku Koivu is hit by Mark Fistric.
1:18 of 1st period - Shot by Sven Baertschi.
1:18 of 1st period - Stopped by Frederik Andersen without a rebound.
1:19 of 1st period - Damien Brunner wins face-off versus Manny Malhotra in Flyers zone.
1:53 of 1st period - Icing by Jason Garrison.
1:54 of 1st period - Tyler Kennedy wins face-off versus Olli Jokinen in Canadiens zone.
1:54 of 1st period - Tyler Kennedy is hit by Olli Jokinen.
1:55 of 1st period - Minor Penalty to Olli Jokinen for Roughing.
1:56 of 1st period - Paul Stastny wins face-off versus Kyle Brodziak in Flyers zone.
2:19 of 1st period - Shot by Alexander Steen.
2:19 of 1st period - Shot Misses the Net.
2:21 of 1st period - Shot by Dan Girardi.
2:21 of 1st period - Shot Misses the Net.
2:23 of 1st period - Shot by Dylan Olsen.
2:23 of 1st period - Stopped by Frederik Andersen without a rebound.
2:24 of 1st period - Alexander Killorn wins face-off versus Daniel Sedin in Flyers zone.
2:27 of 1st period - Shot by Radim Vrbata.
2:27 of 1st period - Stopped by Frederik Andersen with a rebound.
2:47 of 1st period - Shot by Radim Vrbata.
2:47 of 1st period - Shot Misses the Net.
2:49 of 1st period - Shot by Matt Read.
2:49 of 1st period - Stopped by Frederik Andersen without a rebound.
2:50 of 1st period - Paul Stastny wins face-off versus Daniel Sedin in Flyers zone.
3:11 of 1st period - Shot by Alexander Steen.
3:11 of 1st period - Shot Blocked by Daniel Sedin.
3:18 of 1st period - Icing by Jordan Eberle.
3:19 of 1st period - Joel Ward wins face-off versus Paul Stastny in Canadiens zone.
3:24 of 1st period - Shot by Dan Boyle.
3:24 of 1st period - Shot Misses the Net.
3:26 of 1st period - Shot by Mark Fistric.
3:26 of 1st period - Shot Misses the Net.
3:57 of 1st period - Shot by Gabriel Bourque.
3:57 of 1st period - Deflect By Olli Jokinen.
3:57 of 1st period - Stopped by Al Montoya with a rebound.
3:59 of 1st period - Shot by Philip Larsen.
3:59 of 1st period - Shot Misses the Net.
5:28 of 1st period - Shot by Dan Boyle.
5:28 of 1st period - Shot Blocked by Jason Garrison.
6:36 of 1st period - Icing by Jason Garrison.
6:37 of 1st period - Olli Jokinen wins face-off versus Sven Baertschi in Canadiens zone.
7:10 of 1st period - Shot by Jordan Eberle.
7:10 of 1st period - Stopped by Frederik Andersen without a rebound.
7:11 of 1st period - Paul Stastny wins face-off versus Mike Santorelli in Flyers zone.
7:18 of 1st period - Shot by Paul Stastny.
7:18 of 1st period - Stopped by Frederik Andersen without a rebound.
7:19 of 1st period - Paul Stastny wins face-off versus Mike Santorelli in Flyers zone.
7:27 of 1st period - Minor Penalty to Jordan Eberle for Hooking.
7:28 of 1st period - Kyle Okposo wins face-off versus Alexander Killorn in Canadiens zone.
7:47 of 1st period - Shot by Dan Boyle.
7:47 of 1st period - Stopped by Al Montoya with a rebound.
8:17 of 1st period - Mark Fistric is hit by Mike Weber and loses puck.
8:39 of 1st period - Off-side.
8:40 of 1st period - Saku Koivu wins face-off versus Mike Ribeiro in neutral zone.
8:42 of 1st period - Minor Penalty to Mike Ribeiro for High sticking.
8:43 of 1st period - Saku Koivu wins face-off versus Mike Santorelli in Flyers zone.
9:25 of 1st period - Icing by Jason Demers.
9:26 of 1st period - Brenden Morrow wins face-off versus Daniel Sedin in Canadiens zone.
10:05 of 1st period - Shot by Dylan Olsen.
10:05 of 1st period - Stopped by Frederik Andersen without a rebound.
10:06 of 1st period - Matt Read wins face-off versus Daniel Sedin in Flyers zone.
10:19 of 1st period - Shot by Jason Demers.
10:19 of 1st period - Shot Misses the Net.
10:29 of 1st period - Shot by Alexander Killorn.
10:29 of 1st period - Shot Misses the Net.
10:39 of 1st period - Shot by Jason Demers.
10:39 of 1st period - Shot Blocked by Mark Fistric.
10:41 of 1st period - Shot by Jason Demers.
10:41 of 1st period - Shot Misses the Net.
10:47 of 1st period - Shot by Olli Jokinen.
10:47 of 1st period - Shot Misses the Net.
10:51 of 1st period - Shot by Olli Jokinen.
10:51 of 1st period - Stopped by Al Montoya with a rebound.
10:56 of 1st period - Minor Penalty to Olli Jokinen for Roughing.
10:57 of 1st period - Kyle Brodziak wins face-off versus Paul Stastny in Flyers zone.
11:26 of 1st period - Shot by Paul Stastny.
11:26 of 1st period - Deflect By Alexander Steen.
11:26 of 1st period - Goal by Alexander Steen - Canadiens : 1 - Flyers : 0.
11:27 of 1st period - Mike Santorelli wins face-off versus Alexander Killorn in neutral zone.
11:30 of 1st period - Shot by Philip Larsen.
11:30 of 1st period - Stopped by Al Montoya without a rebound.
11:31 of 1st period - Mike Santorelli wins face-off versus Alexander Killorn in Canadiens zone.
11:38 of 1st period - Shot by Mike Santorelli.
11:38 of 1st period - Shot Misses the Net.
12:06 of 1st period - Shot by Radim Vrbata.
12:06 of 1st period - Stopped by Frederik Andersen without a rebound.
12:07 of 1st period - Alexander Steen wins face-off versus Mike Ribeiro in Flyers zone.
12:08 of 1st period - Shot by Paul Stastny.
12:08 of 1st period - Shot Misses the Net.
12:21 of 1st period - Icing by Dan Boyle.
12:22 of 1st period - Mike Ribeiro wins face-off versus Manny Malhotra in Flyers zone.
13:11 of 1st period - Icing by Tom Gilbert.
13:12 of 1st period - Paul Stastny wins face-off versus Mike Ribeiro in Flyers zone.
13:20 of 1st period - Icing by Tom Gilbert.
13:21 of 1st period - Paul Stastny wins face-off versus Mike Ribeiro in Flyers zone.
13:28 of 1st period - Shot by Alexander Steen.
13:28 of 1st period - Stopped by Frederik Andersen without a rebound.
13:29 of 1st period - Jordan Eberle wins face-off versus Mike Santorelli in Flyers zone.
13:29 of 1st period - Alexander Steen is hit by Mark Fistric.
13:35 of 1st period - Shot by Alexander Steen.
13:35 of 1st period - Stopped by Frederik Andersen with a rebound.
13:45 of 1st period - Shot by Paul Stastny.
13:45 of 1st period - Stopped by Frederik Andersen without a rebound.
13:46 of 1st period - Alexander Killorn wins face-off versus Olli Jokinen in Flyers zone.
13:51 of 1st period - Shot by Alexander Killorn.
13:51 of 1st period - Stopped by Frederik Andersen without a rebound.
13:52 of 1st period - Mike Santorelli wins face-off versus Paul Stastny in Flyers zone.
14:24 of 1st period - Shot by Kyle Okposo.
14:24 of 1st period - Shot Misses the Net.
14:26 of 1st period - Shot by Mike Santorelli.
14:26 of 1st period - Stopped by Al Montoya without a rebound.
14:27 of 1st period - Damien Brunner wins face-off versus Alexander Killorn in Canadiens zone.
14:36 of 1st period - Shot by Joel Ward.
14:36 of 1st period - Stopped by Al Montoya with a rebound.
14:50 of 1st period - Icing by Dan Boyle.
14:51 of 1st period - Mike Ribeiro wins face-off versus Martin Erat in Flyers zone.
14:51 of 1st period - Tom Gilbert is hit by Sven Baertschi and loses puck.
15:00 of 1st period - Saku Koivu is hit by Joel Ward and loses puck.
15:11 of 1st period - Tom Gilbert is hit by Martin Erat and loses puck.
15:33 of 1st period - Steve Oleksy is hit by Mark Fistric and loses puck.
15:50 of 1st period - Shot by Kyle Okposo.
15:50 of 1st period - Stopped by Al Montoya without a rebound.
15:51 of 1st period - Olli Jokinen wins face-off versus Paul Stastny in Canadiens zone.
16:11 of 1st period - Minor Penalty to Carlo Colaiacovo for Hooking.
16:12 of 1st period - Alexander Killorn wins face-off versus Kyle Brodziak in Flyers zone.
17:37 of 1st period - Icing by Dylan Olsen.
17:38 of 1st period - Paul Stastny wins face-off versus Kyle Brodziak in Canadiens zone.
17:38 of 1st period - Paul Stastny is hit by Kyle Brodziak.
17:53 of 1st period - Icing by Alexander Steen.
17:54 of 1st period - Kyle Brodziak wins face-off versus Paul Stastny in Canadiens zone.
17:54 of 1st period - Kyle Brodziak is hit by Dylan Olsen.
18:18 of 1st period - Gabriel Bourque is hit by Mike Weber and loses puck.
18:30 of 1st period - Olli Jokinen is hit by Steve Oleksy and loses puck.
18:38 of 1st period - Gabriel Bourque is hit by Mike Weber and loses puck.
18:48 of 1st period - Gabriel Bourque is hit by Mike Weber.
19:14 of 1st period - Shot by Kyle Okposo.
19:14 of 1st period - Goal by Kyle Okposo - Canadiens : 1 - Flyers : 1.
19:15 of 1st period - Saku Koivu wins face-off versus Mike Ribeiro in neutral zone.
19:40 of 1st period - Shot by Mike Ribeiro.
19:40 of 1st period - Shot Misses the Net.
Goals for this period are 1 for Canadiens vs 1 for Flyers.
Shots for this period are 14 for Canadiens vs 8 for Flyers.

2nd period


0:01 of 2nd period - Mike Santorelli wins face-off versus Paul Stastny in neutral zone.
0:04 of 2nd period - Shot by Tom Gilbert.
0:04 of 2nd period - Deflect By Kyle Okposo.
0:04 of 2nd period - Stopped by Al Montoya with a rebound.
0:09 of 2nd period - Minor Penalty to Tom Gilbert for Tripping.
0:10 of 2nd period - Kyle Brodziak wins face-off versus Paul Stastny in Flyers zone.
0:10 of 2nd period - Kyle Brodziak is hit by Alexander Steen.
0:24 of 2nd period - Icing by Jason Garrison.
0:25 of 2nd period - Kyle Brodziak wins face-off versus Paul Stastny in Canadiens zone.
1:01 of 2nd period - Minor Penalty to Mark Fistric for Holding.
1:02 of 2nd period - Alexander Killorn wins face-off versus Daniel Sedin in Flyers zone.
1:17 of 2nd period - Shot by Dan Girardi.
1:17 of 2nd period - Stopped by Frederik Andersen without a rebound.
1:18 of 2nd period - Alexander Killorn wins face-off versus Daniel Sedin in Flyers zone.
1:21 of 2nd period - Shot by Dan Girardi.
1:21 of 2nd period - Shot Blocked by Philip Larsen.
1:58 of 2nd period - Off-side.
1:59 of 2nd period - Paul Stastny wins face-off versus Daniel Sedin in neutral zone.
2:02 of 2nd period - Shot by Jason Demers.
2:02 of 2nd period - Shot Blocked by Marek Zidlicky.
2:04 of 2nd period - Shot by Jason Demers.
2:04 of 2nd period - Shot Blocked by Marek Zidlicky.
2:06 of 2nd period - Shot by Jason Garrison.
2:06 of 2nd period - Stopped by Frederik Andersen without a rebound.
2:07 of 2nd period - Daniel Sedin wins face-off versus Paul Stastny in Flyers zone.
2:13 of 2nd period - Icing by Jason Demers.
2:14 of 2nd period - Paul Stastny wins face-off versus Kyle Brodziak in Canadiens zone.
2:37 of 2nd period - Shot by Paul Stastny.
2:37 of 2nd period - Stopped by Frederik Andersen with a rebound.
2:39 of 2nd period - Shot by Jordan Eberle.
2:39 of 2nd period - Shot Misses the Net.
2:41 of 2nd period - Shot by Jason Garrison.
2:41 of 2nd period - Stopped by Frederik Andersen without a rebound.
2:42 of 2nd period - Kyle Brodziak wins face-off versus Alexander Killorn in Flyers zone.
2:57 of 2nd period - Shot by Dan Girardi.
2:57 of 2nd period - Stopped by Frederik Andersen without a rebound.
2:58 of 2nd period - Joel Ward wins face-off versus Paul Stastny in Flyers zone.
2:58 of 2nd period - Joel Ward is hit by Alexander Steen.
3:05 of 2nd period - Icing by Mike Weber.
3:06 of 2nd period - Manny Malhotra wins face-off versus Mike Santorelli in Canadiens zone.
3:06 of 2nd period - Tyler Kennedy is hit by Daniel Sedin and loses puck.
3:07 of 2nd period - Minor Penalty to Mike Santorelli for Roughing.
3:08 of 2nd period - Paul Stastny wins face-off versus Joel Ward in Flyers zone.
3:19 of 2nd period - Shot by Jason Demers.
3:19 of 2nd period - Stopped by Frederik Andersen with a rebound.
3:21 of 2nd period - Shot by Alexander Steen.
3:21 of 2nd period - Shot Misses the Net.
3:23 of 2nd period - Shot by Jason Demers.
3:23 of 2nd period - Stopped by Frederik Andersen without a rebound.
3:24 of 2nd period - Kyle Brodziak wins face-off versus Alexander Killorn in Flyers zone.
3:43 of 2nd period - Shot by Dan Girardi.
3:43 of 2nd period - Stopped by Frederik Andersen without a rebound.
3:44 of 2nd period - Paul Stastny wins face-off versus Daniel Sedin in Flyers zone.
4:21 of 2nd period - Kyle Brodziak is hit by Alexander Steen and loses puck.
4:26 of 2nd period - Shot by Jason Demers.
4:26 of 2nd period - Stopped by Frederik Andersen without a rebound.
4:27 of 2nd period - Alexander Killorn wins face-off versus Daniel Sedin in Flyers zone.
5:07 of 2nd period - Off-side.
5:08 of 2nd period - Manny Malhotra wins face-off versus Gabriel Bourque in neutral zone.
5:46 of 2nd period - Shot by Olli Jokinen.
5:46 of 2nd period - Stopped by Al Montoya with a rebound.
5:48 of 2nd period - Shot by Olli Jokinen.
5:48 of 2nd period - Shot Blocked by Steve Oleksy.
5:50 of 2nd period - Shot by Carlo Colaiacovo.
5:50 of 2nd period - Stopped by Al Montoya with a rebound.
6:34 of 2nd period - Shot by Paul Stastny.
6:34 of 2nd period - Stopped by Frederik Andersen without a rebound.
6:35 of 2nd period - Alexander Killorn wins face-off versus Mike Ribeiro in Flyers zone.
6:58 of 2nd period - Shot by Matt Read.
6:58 of 2nd period - Shot Hit the Post.
7:00 of 2nd period - Shot by Dylan Olsen.
7:00 of 2nd period - Stopped by Frederik Andersen without a rebound.
7:01 of 2nd period - Paul Stastny wins face-off versus Gabriel Bourque in Flyers zone.
7:12 of 2nd period - Dany Heatley is hit by Jordan Eberle.
7:46 of 2nd period - Shot by Paul Stastny.
7:46 of 2nd period - Shot Misses the Net.
7:48 of 2nd period - Shot by Jordan Eberle.
7:48 of 2nd period - Shot Misses the Net.
8:07 of 2nd period - Icing by Jason Demers.
8:08 of 2nd period - Mike Santorelli wins face-off versus Alexander Killorn in Canadiens zone.
8:40 of 2nd period - Icing by Matt Read.
8:41 of 2nd period - Matt Read wins face-off versus Mike Ribeiro in Canadiens zone.
8:46 of 2nd period - Shot by Dylan Olsen.
8:46 of 2nd period - Stopped by Frederik Andersen without a rebound.
8:47 of 2nd period - Paul Stastny wins face-off versus Mike Ribeiro in Flyers zone.
8:50 of 2nd period - Shot by Alexander Steen.
8:50 of 2nd period - Stopped by Frederik Andersen without a rebound.
8:51 of 2nd period - Mike Santorelli wins face-off versus Paul Stastny in Flyers zone.
8:58 of 2nd period - Shot by Daniel Sedin.
8:58 of 2nd period - Shot Misses the Net.
9:04 of 2nd period - Jason Garrison is hit by Kyle Okposo and loses puck.
9:12 of 2nd period - Shot by Paul Stastny.
9:12 of 2nd period - Stopped by Frederik Andersen with a rebound.
9:14 of 2nd period - Shot by Jason Garrison.
9:14 of 2nd period - Shot Blocked by Tom Gilbert.
10:02 of 2nd period - Radim Vrbata is hit by Dan Boyle and loses puck.
10:09 of 2nd period - Shot by Radim Vrbata.
10:09 of 2nd period - Shot Blocked by Tom Gilbert.
10:11 of 2nd period - Shot by Dylan Olsen.
10:11 of 2nd period - Stopped by Frederik Andersen without a rebound.
10:12 of 2nd period - Saku Koivu wins face-off versus Joel Ward in Flyers zone.
10:21 of 2nd period - Shot by Martin Erat.
10:21 of 2nd period - Stopped by Frederik Andersen without a rebound.
10:22 of 2nd period - Alexander Killorn wins face-off versus Mike Ribeiro in Flyers zone.
10:44 of 2nd period - Minor Penalty to Marek Zidlicky for Slashing.
10:45 of 2nd period - Paul Stastny wins face-off versus Kyle Brodziak in Flyers zone.
11:02 of 2nd period - Shot by Alexander Steen.
11:02 of 2nd period - Stopped by Frederik Andersen with a rebound.
11:04 of 2nd period - Shot by Alexander Steen.
11:04 of 2nd period - Shot Blocked by Mark Fistric.
12:11 of 2nd period - Philip Larsen is hit by Alexander Killorn and loses puck.
13:08 of 2nd period - Minor Penalty to Martin Erat for Roughing.
13:09 of 2nd period - Alexander Killorn wins face-off versus Kyle Okposo in Canadiens zone.
13:20 of 2nd period - Shot by Daniel Sedin.
13:20 of 2nd period - Shot Blocked by Dylan Olsen.
13:38 of 2nd period - Shot by Kyle Okposo.
13:38 of 2nd period - Stopped by Al Montoya without a rebound.
13:39 of 2nd period - Mike Ribeiro wins face-off versus Alexander Killorn in Canadiens zone.
14:12 of 2nd period - Shot by Dan Boyle.
14:12 of 2nd period - Shot Misses the Net.
16:03 of 2nd period - Tom Gilbert is hit by Brenden Morrow and loses puck.
16:24 of 2nd period - Shot by Olli Jokinen.
16:24 of 2nd period - Shot Misses the Net.
16:26 of 2nd period - Shot by Gabriel Bourque.
16:26 of 2nd period - Shot Misses the Net.
16:28 of 2nd period - Shot by Dany Heatley.
16:28 of 2nd period - Stopped by Al Montoya without a rebound.
16:29 of 2nd period - Mike Santorelli wins face-off versus Radim Vrbata in Canadiens zone.
16:36 of 2nd period - Shot by Kyle Okposo.
16:36 of 2nd period - Stopped by Al Montoya without a rebound.
16:37 of 2nd period - Mike Santorelli wins face-off versus Paul Stastny in Canadiens zone.
16:42 of 2nd period - Shot by Kyle Okposo.
16:42 of 2nd period - Shot Blocked by Dylan Olsen.
17:08 of 2nd period - Shot by Alexander Steen.
17:08 of 2nd period - Stopped by Frederik Andersen without a rebound.
17:09 of 2nd period - Alexander Killorn wins face-off versus Mike Ribeiro in Flyers zone.
17:09 of 2nd period - Alexander Killorn is hit by Tom Gilbert.
17:20 of 2nd period - Matt Read is hit by Tom Gilbert and loses puck.
17:25 of 2nd period - Shot by Radim Vrbata.
17:25 of 2nd period - Goal by Radim Vrbata - Canadiens : 2 - Flyers : 1.
17:26 of 2nd period - Saku Koivu wins face-off versus Olli Jokinen in neutral zone.
17:55 of 2nd period - Shot by Sven Baertschi.
17:55 of 2nd period - Shot Blocked by Olli Jokinen.
18:02 of 2nd period - Icing by Carlo Colaiacovo.
18:03 of 2nd period - Paul Stastny wins face-off versus Olli Jokinen in Flyers zone.
18:30 of 2nd period - Dan Boyle is hit by Alexander Steen and loses puck.
18:37 of 2nd period - Shot by Paul Stastny.
18:37 of 2nd period - Shot Blocked by Dan Boyle.
18:49 of 2nd period - Shot by Jordan Eberle.
18:49 of 2nd period - Stopped by Frederik Andersen without a rebound.
18:50 of 2nd period - Mike Santorelli wins face-off versus Alexander Killorn in Flyers zone.
18:50 of 2nd period - Marek Zidlicky is hit by Mike Weber and loses puck.
18:52 of 2nd period - Minor Penalty to Alexander Killorn for Roughing.
18:53 of 2nd period - Kyle Okposo wins face-off versus Matt Read in Canadiens zone.
18:54 of 2nd period - Shot by Mark Fistric.
18:54 of 2nd period - Stopped by Al Montoya with a rebound.
19:10 of 2nd period - Shot by Kyle Okposo.
19:10 of 2nd period - Deflect By Joel Ward.
19:10 of 2nd period - Stopped by Al Montoya with a rebound.
Goals for this period are 1 for Canadiens vs 0 for Flyers.
Shots for this period are 20 for Canadiens vs 8 for Flyers.

3rd period


0:01 of 3rd period - Joel Ward wins face-off versus Paul Stastny in neutral zone.
0:38 of 3rd period - Shot by Kyle Okposo.
0:38 of 3rd period - Stopped by Al Montoya without a rebound.
0:39 of 3rd period - Matt Read wins face-off versus Mike Ribeiro in Canadiens zone.
0:39 of 3rd period - Matt Read is hit by Olli Jokinen.
0:53 of 3rd period - Kyle Brodziak is hit by Martin Erat.
1:16 of 3rd period - Off-side.
1:17 of 3rd period - Mike Santorelli wins face-off versus Tyler Kennedy in neutral zone.
3:06 of 3rd period - Minor Penalty to Mike Ribeiro for Tripping.
3:07 of 3rd period - Kyle Brodziak wins face-off versus Alexander Killorn in Flyers zone.
3:07 of 3rd period - Kyle Brodziak is hit by Radim Vrbata.
3:29 of 3rd period - Shot by Radim Vrbata.
3:29 of 3rd period - Shot Misses the Net.
3:54 of 3rd period - Off-side.
3:55 of 3rd period - Daniel Sedin wins face-off versus Alexander Killorn in neutral zone.
4:08 of 3rd period - Shot by Radim Vrbata.
4:08 of 3rd period - Shot Hit the Post.
4:14 of 3rd period - Shot by Matt Read.
4:14 of 3rd period - Shot Misses the Net.
4:16 of 3rd period - Shot by Jason Garrison.
4:16 of 3rd period - Stopped by Frederik Andersen without a rebound.
4:17 of 3rd period - Kyle Brodziak wins face-off versus Paul Stastny in Flyers zone.
4:17 of 3rd period - Kyle Brodziak is hit by Jordan Eberle.
4:37 of 3rd period - Shot by Alexander Steen.
4:37 of 3rd period - Shot Misses the Net.
4:39 of 3rd period - Shot by Alexander Steen.
4:39 of 3rd period - Deflect By Jordan Eberle.
4:39 of 3rd period - Shot Misses the Net.
4:41 of 3rd period - Shot by Dylan Olsen.
4:41 of 3rd period - Stopped by Frederik Andersen with a rebound.
4:43 of 3rd period - Shot by Dan Girardi.
4:43 of 3rd period - Stopped by Frederik Andersen with a rebound.
4:47 of 3rd period - Shot by Alexander Steen.
4:47 of 3rd period - Shot Blocked by Marek Zidlicky.
4:49 of 3rd period - Shot by Jordan Eberle.
4:49 of 3rd period - Shot Misses the Net.
5:13 of 3rd period - Shot by Martin Erat.
5:13 of 3rd period - Stopped by Frederik Andersen without a rebound.
5:14 of 3rd period - Saku Koivu wins face-off versus Mike Santorelli in Flyers zone.
5:31 of 3rd period - Shot by Daniel Sedin.
5:31 of 3rd period - Goal by Daniel Sedin - Canadiens : 2 - Flyers : 2.
5:32 of 3rd period - Alexander Killorn wins face-off versus Gabriel Bourque in neutral zone.
5:43 of 3rd period - Shot by Alexander Killorn.
5:43 of 3rd period - Shot Blocked by Philip Larsen.
5:45 of 3rd period - Shot by Jason Demers.
5:45 of 3rd period - Stopped by Frederik Andersen without a rebound.
5:46 of 3rd period - Paul Stastny wins face-off versus Mike Santorelli in Flyers zone.
5:49 of 3rd period - Shot by Alexander Steen.
5:49 of 3rd period - Stopped by Frederik Andersen without a rebound.
5:50 of 3rd period - Paul Stastny wins face-off versus Mike Santorelli in Flyers zone.
5:51 of 3rd period - Shot by Alexander Steen.
5:51 of 3rd period - Goal by Alexander Steen - Canadiens : 3 - Flyers : 2.
5:52 of 3rd period - Paul Stastny wins face-off versus Mike Santorelli in neutral zone.
6:01 of 3rd period - Shot by Paul Stastny.
6:01 of 3rd period - Stopped by Frederik Andersen with a rebound.
6:03 of 3rd period - Shot by Jason Demers.
6:03 of 3rd period - Shot Misses the Net.
6:12 of 3rd period - Alexander Steen is hit by Tom Gilbert and loses puck.
6:17 of 3rd period - Shot by Paul Stastny.
6:17 of 3rd period - Shot Misses the Net.
6:19 of 3rd period - Shot by Jason Demers.
6:19 of 3rd period - Shot Misses the Net.
6:25 of 3rd period - Shot by Jordan Eberle.
6:25 of 3rd period - Shot Misses the Net.
6:32 of 3rd period - Minor Penalty to Dan Boyle for High sticking.
6:33 of 3rd period - Kyle Brodziak wins face-off versus Matt Read in Flyers zone.
6:40 of 3rd period - Radim Vrbata is hit by Joel Ward and loses puck.
7:01 of 3rd period - Shot by Jason Demers.
7:01 of 3rd period - Stopped by Frederik Andersen without a rebound.
7:02 of 3rd period - Kyle Brodziak wins face-off versus Paul Stastny in Flyers zone.
7:02 of 3rd period - Kyle Brodziak is hit by Jordan Eberle.
7:31 of 3rd period - Icing by Dan Girardi.
7:32 of 3rd period - Paul Stastny wins face-off versus Daniel Sedin in Canadiens zone.
7:34 of 3rd period - Icing by Alexander Steen.
7:35 of 3rd period - Joel Ward wins face-off versus Paul Stastny in Canadiens zone.
7:46 of 3rd period - Shot by Jordan Eberle.
7:46 of 3rd period - Stopped by Frederik Andersen with a rebound.
7:48 of 3rd period - Shot by Dan Girardi.
7:48 of 3rd period - Shot Misses the Net.
7:50 of 3rd period - Shot by Jordan Eberle.
7:50 of 3rd period - Stopped by Frederik Andersen with a rebound.
7:52 of 3rd period - Shot by Dylan Olsen.
7:52 of 3rd period - Shot Blocked by Tom Gilbert.
7:54 of 3rd period - Shot by Dan Girardi.
7:54 of 3rd period - Stopped by Frederik Andersen with a rebound.
7:56 of 3rd period - Shot by Dan Girardi.
7:56 of 3rd period - Goal by Dan Girardi - Canadiens : 4 - Flyers : 2.
7:57 of 3rd period - Alexander Killorn wins face-off versus Mike Santorelli in neutral zone.
10:14 of 3rd period - Saku Koivu is hit by Joel Ward.
10:19 of 3rd period - Off-side.
10:20 of 3rd period - Olli Jokinen wins face-off versus Brenden Morrow in neutral zone.
10:58 of 3rd period - Icing by Tom Gilbert.
10:59 of 3rd period - Alexander Killorn wins face-off versus Olli Jokinen in Flyers zone.
11:06 of 3rd period - Shot by Alexander Killorn.
11:06 of 3rd period - Stopped by Frederik Andersen without a rebound.
11:07 of 3rd period - Paul Stastny wins face-off versus Mike Santorelli in Flyers zone.
11:08 of 3rd period - Shot by Jordan Eberle.
11:08 of 3rd period - Shot Hit the Post.
11:44 of 3rd period - Shot by Kyle Okposo.
11:44 of 3rd period - Shot Blocked by Dan Girardi.
12:13 of 3rd period - Icing by Steve Oleksy.
12:14 of 3rd period - Mike Ribeiro wins face-off versus Alexander Killorn in Canadiens zone.
12:14 of 3rd period - Mike Ribeiro is hit by Mike Weber.
12:16 of 3rd period - Shot by Joel Ward.
12:16 of 3rd period - Deflect By Mike Ribeiro.
12:16 of 3rd period - Stopped by Al Montoya without a rebound.
12:17 of 3rd period - Mike Ribeiro wins face-off versus Alexander Killorn in Canadiens zone.
12:17 of 3rd period - Mike Ribeiro is hit by Dylan Olsen.
12:28 of 3rd period - Icing by Jason Demers.
12:29 of 3rd period - Alexander Killorn wins face-off versus Olli Jokinen in Canadiens zone.
12:46 of 3rd period - Shot by Alexander Killorn.
12:46 of 3rd period - Shot Misses the Net.
12:53 of 3rd period - Minor Penalty to Alexander Killorn for Tripping.
12:54 of 3rd period - Kyle Okposo wins face-off versus Paul Stastny in Canadiens zone.
13:30 of 3rd period - Daniel Sedin is hit by Dylan Olsen and loses puck.
13:52 of 3rd period - Mike Ribeiro is hit by Dylan Olsen.
14:14 of 3rd period - Shot by Mike Ribeiro.
14:14 of 3rd period - Stopped by Al Montoya with a rebound.
14:18 of 3rd period - Shot by Mark Fistric.
14:18 of 3rd period - Shot Misses the Net.
14:26 of 3rd period - Shot by Dan Boyle.
14:26 of 3rd period - Shot Misses the Net.
14:38 of 3rd period - Shot by Daniel Sedin.
14:38 of 3rd period - Stopped by Al Montoya without a rebound.
14:39 of 3rd period - Paul Stastny wins face-off versus Kyle Okposo in Canadiens zone.
14:45 of 3rd period - Icing by Kyle Okposo.
14:46 of 3rd period - Paul Stastny wins face-off versus Daniel Sedin in Flyers zone.
14:51 of 3rd period - Shot by Dylan Olsen.
14:51 of 3rd period - Shot Misses the Net.
14:53 of 3rd period - Shot by Paul Stastny.
14:53 of 3rd period - Shot Misses the Net.
14:55 of 3rd period - Shot by Brenden Morrow.
14:55 of 3rd period - Shot Misses the Net.
14:57 of 3rd period - Shot by Tyler Kennedy.
14:57 of 3rd period - Shot Misses the Net.
14:59 of 3rd period - Shot by Manny Malhotra.
14:59 of 3rd period - Shot Blocked by Kyle Brodziak.
15:05 of 3rd period - Shot by Tyler Kennedy.
15:05 of 3rd period - Stopped by Frederik Andersen without a rebound.
15:06 of 3rd period - Olli Jokinen wins face-off versus Sven Baertschi in Flyers zone.
15:06 of 3rd period - Olli Jokinen is hit by Martin Erat.
15:16 of 3rd period - Shot by Dan Boyle.
15:16 of 3rd period - Shot Blocked by Dan Girardi.
15:18 of 3rd period - Shot by Gabriel Bourque.
15:18 of 3rd period - Shot Blocked by Jason Garrison.
15:28 of 3rd period - Shot by Olli Jokinen.
15:28 of 3rd period - Shot Blocked by Dan Girardi.
16:13 of 3rd period - Shot by Mike Ribeiro.
16:13 of 3rd period - Shot Misses the Net.
16:18 of 3rd period - Joel Ward is hit by Dan Girardi and loses puck.
16:27 of 3rd period - Shot by Mike Ribeiro.
16:27 of 3rd period - Shot Blocked by Martin Erat.
17:05 of 3rd period - Shot by Matt Read.
17:05 of 3rd period - Stopped by Frederik Andersen without a rebound.
17:06 of 3rd period - Paul Stastny wins face-off versus Brian Gibbons in Flyers zone.
17:13 of 3rd period - Shot by Paul Stastny.
17:13 of 3rd period - Stopped by Frederik Andersen with a rebound.
17:15 of 3rd period - Shot by Mike Weber.
17:15 of 3rd period - Shot Misses the Net.
17:39 of 3rd period - Shot by Paul Stastny.
17:39 of 3rd period - Deflect By Jordan Eberle.
17:39 of 3rd period - Shot Misses the Net.
17:41 of 3rd period - Shot by Paul Stastny.
17:41 of 3rd period - Goal by Paul Stastny - Canadiens : 5 - Flyers : 2.
17:42 of 3rd period - Alexander Killorn wins face-off versus Mike Santorelli in neutral zone.
17:51 of 3rd period - Shot by Alexander Killorn.
17:51 of 3rd period - Goal by Alexander Killorn - Canadiens : 6 - Flyers : 2.
17:52 of 3rd period - Mike Ribeiro wins face-off versus Alexander Killorn in neutral zone.
18:25 of 3rd period - Shot by Joel Ward.
18:25 of 3rd period - Shot Blocked by Dylan Olsen.
18:39 of 3rd period - Dan Boyle is hit by Alexander Killorn and loses puck.
19:27 of 3rd period - Shot by Paul Stastny.
19:27 of 3rd period - Shot Misses the Net.
19:29 of 3rd period - Shot by Mike Weber.
19:29 of 3rd period - Shot Misses the Net.
19:55 of 3rd period - Shot by Brenden Morrow.
19:55 of 3rd period - Shot Hit the Post.
19:57 of 3rd period - Shot by Manny Malhotra.
19:57 of 3rd period - Shot Blocked by Daniel Sedin.
Goals for this period are 4 for Canadiens vs 1 for Flyers.
Shots for this period are 19 for Canadiens vs 5 for Flyers.


Output by the SimonT Hockey Simulator (STHS) for Stephane Roy -- Original Page W3C XHTML 1.0 Valid
Hockey Simulator - Hockey Simulation - Hockey Manager